 Dungeon Crawl Stone Soup version 0.31-a0-1074-g0b22e4e0f1 (webtiles) character file.

Game seed: 14799412619618750977

257 drugrobin the Cudgeller (level 5, -4/42 HPs)
             Began as a Demigod Delver on Dec 8, 2023.
             Slain by Edmund
             ... wielding a +2 heavy flail
              (10 damage)
             ... on level 5 of the Dungeon.
             The game lasted 00:09:06 (3715 turns).

drugrobin the Cudgeller (Demigod Delver)            Turns: 3715, Time: 00:09:08

Health: -4/42      AC:  7    Str: 17      XL:     5   Next: 61%
Magic:  7/7        EV: 11    Int: 12      God:
Gold:   142        SH:  0    Dex: 13 (15) Spells: 4/4 levels left

rFire   . . .        a - +0 mace
rCold   . . .        (no shield)
rNeg    . . .        u - +0 ring mail
rPois   .            t - +0 helmet
rElec   .            (no cloak)
rCorr   .            r - +0 pair of gloves
SInv    .            (no boots)
Will    .....        (no amulet)
Stlth   ++           v - ring of wizardry
HPRegen 0.27/turn    (no ring)
MPRegen 0.10/turn

%: wizardry (x1)
@: no status effects
A: high MP 1, forlorn, divine attributes
a: no special abilities


You were on level 5 of the Dungeon.
You visited 1 branch of the dungeon, and saw 5 of its levels.

You collected 142 gold pieces.

Inventory:

Hand Weapons
 a - a +0 mace (weapon)
 k - a +0 whip
Missiles
 g - 7 poisoned darts
 i - a silver javelin (quivered)
Armour
 b - a +0 leather armour
 r - a +0 pair of gloves (worn)
 t - a +0 helmet (worn)
 u - a +0 ring mail (worn)
Magical Staves
 q - a staff of fire
Jewellery
 v - a ring of wizardry (left hand)
Wands
 m - a wand of iceblast (13)
Scrolls
 c - a scroll of fog
 d - a scroll of revelation
 e - a scroll of fear
 h - a scroll of amnesia {unknown}
 j - a scroll of enchant armour {unknown}
 l - 4 scrolls of identify {unknown}
 n - a scroll of teleportation {unknown}
 w - a scroll of enchant weapon {unknown}
Potions
 f - a potion of haste
 o - 4 potions of curing {unknown}
 s - a potion of brilliance {unknown}


   Skills:
 - Level 2.6 Fighting
 + Level 5.7 Maces & Flails
 - Level 1.7 Dodging
 - Level 4.5 Stealth


You had 4 spell levels left.
You didn't know any spells.
Your spell library contained the following spells:

 Spells                   Type           Power      Damage    Failure   Level
 Borgnjor's Vile Clutch   Necr/Erth      0%         N/A       99%         5
 Metabolic Englaciation   Hex/Ice        0%         N/A       99%         5


Dungeon Overview and Level Annotations

Branches:
Dungeon (5/15)             Temple (0/1) D:5

Annotations:
D:4 exclusions: ice beast, iguana, jelly, orc and orc wizard, ianthina's ghost, amateur TeWn
D:5 exclusions: jelly and upstairs, Edmund


Innate Abilities, Weirdness & Mutations

You have an increased reservoir of magic. (+10% MP)
You shall have no god before yourself.
Your divine heritage dramatically boosts your attributes as you level up.


Message History

Edmund is caught in the net!
Edmund struggles against the net.
Unknown command.
You barely miss Edmund.
Edmund is lightly wounded.
The orc wizard mumbles some strange words.
The orc wizard flickers and vanishes!
Deactivating autopickup; reactivate with Ctrl-A.
Edmund struggles against the net.
You sock Edmund!
Edmund is moderately wounded.
Edmund struggles against the net.
Unknown command.
You hit Edmund but do no damage.
Edmund is moderately wounded.
Edmund struggles against the net. x2
You hit Edmund but do no damage.
Edmund is moderately wounded.
Edmund looks more healthy.
Edmund struggles against the net.
The net rips apart, and Edmund comes free!
You hit Edmund.
Edmund is moderately wounded.
Edmund hits you with a +2 heavy flail!
Unknown command.
Unknown command.
Throw: 8 darts (poison)
Press: ? - help, Shift-Dir - straight line, f - orc
Aim: an orc, wielding a +0 whip (54% to hit)
You throw a poisoned dart. The poisoned dart hits Edmund.
Edmund is poisoned.
Edmund is moderately wounded.
Unknown command.
Unknown command.
Unknown command.
Edmund attacks as he pursues you! Edmund hits you with a +2 heavy flail!
Edmund attacks as he pursues you! Edmund hits you with a +2 heavy flail!
* * * LOW HITPOINT WARNING * * *
Found a stone staircase leading up.
Edmund attacks as he pursues you! Edmund hits you with a +2 heavy flail!
You die...
Edmund says, "That'll show my brother!"

## #
.### #.
...
#.###<#
#..@#
##@##
#.# #.#
#.# #o#
#o#
#(##
#.<#


You could see Edmund (poisoned) and 2 orcs.

Vanquished Creatures
  2 scorpions
  A quasit (D:4)
  3 adders
  2 white imps (D:4)
  2 ufetubi (D:4)
  A worm (D:4)
  4 orcs
  5 ball pythons
  5 endoplasms (D:1)
  7 goblins
  6 hobgoblins
  2 kobolds (D:1)
  2 quokkas
  3 bats
  4 frilled lizards
  2 rats (D:2)
51 creatures vanquished.

Notes
Turn   | Place    | Note
-------+----------+-------------------------------------------
     0 | D:5      | drugrobin the Demigod Delver began the quest for the Orb.
     0 | D:5      | Reached XP level 1. HP: 18/18 MP: 3/3
     7 | D:5      | Found a staircase to the Ecumenical Temple.
    20 | D:5      | Noticed a jelly
    74 | D:5      | Reached skill level 2 in Maces & Flails
   114 | D:5      | Noticed an orc wizard
   167 | D:4      | Noticed an orc wizard
   177 | D:4      | Noticed a jelly
   191 | D:4      | Noticed an iguana
   609 | D:3      | Found a runed translucent door.
   686 | D:2      | Reached XP level 2. HP: 23/25 MP: 4/4
   908 | D:2      | Reached skill level 3 in Maces & Flails
  1393 | D:1      | Reached XP level 3. HP: 25/30 MP: 5/5
  1500 | D:1      | Got the Spellbook of Undead Ill Luck
  2514 | D:3      | Noticed ianthina's ghost (amateur TeWn)
  3088 | D:4      | Noticed a scorpion
  3095 | D:4      | Killed a scorpion
  3096 | D:4      | Reached skill level 4 in Maces & Flails
  3096 | D:4      | Reached XP level 4. HP: 28/37 MP: 6/6
  3371 | D:4      | Reached skill level 5 in Maces & Flails
  3377 | D:4      | Reached XP level 5. HP: 14/42 MP: 7/7
  3646 | D:4      | Noticed an ice beast
  3686 | D:5      | Noticed Edmund
  3715 | D:5      | Slain by Edmund

Illustrated notes

Levels and vault maps discovered:
D:1:      minmay_arrival_cross, layout_loops_ring, chequers_arboretum
D:2:      layout_basic, ebering_ecumenical_altar_sacrificial
D:3:      layout_loops_corners, ebering_ghost_reflecting_pool
D:4:      layout_cave_pools, kennysheep_okawaru_gauntlet,
          mainiacjoe_overflow_divided_tiny, serial_demonic, serial_demonic_g,
          serial_demonic_e, serial_demonic_e, serial_demonic_c, st_stairs_9,
          nicolae_concentric_dashed_squares_mild
D:5:      layout_loops_ring, minmay_temple_entry_purple_smoke, uniq_edmund

Skill      XL: |  1  2  3  4 |
---------------+-------------+-----
Maces & Flails | 2 3 4 5 |  5.7
Fighting       | |  2.6
Dodging        | |  1.7
Stealth        | |  4.5

Action                     |  1- 3 |  4- 6 || total
---------------------------+-------+-------++-------
  Melee: Mace              |   143 |    79 ||   222
         Punch             |     1 |       ||     1
  Throw: Javelin           |     3 |     1 ||     4
         Dart              |     2 |     4 ||     6
         Throwing net      |       |     1 ||     1
  Evoke: Wand              |     3 |       ||     3
   Stab: Sleeping          |    11 |     1 ||    12
 Armour: Leather armour    |    48 |       ||    48
         Ring mail         |    34 |   134 ||   168
  Dodge: Dodged            |    80 |    86 ||   166

Table legend: (Time is in decaauts)
 A = Elapsed time spent in this place.
 B = Non-inter-level travel time spent in this place.
 C = Inter-level travel time spent in this place.
 D = Time resting spent in this place.
 E = Time spent auto-exploring this place.
 F = Levels seen in this place.
 G = Mean time per level.
                   A        B        C        D        E       F      G
               +--------+--------+--------+--------+--------+-----+--------+
         Total |   3762 |   3597 |    165 |    383 |   2083 |   5 |  752.4 |
       Dungeon |   3762 |   3597 |    165 |    383 |   2083 |   5 |  752.4 |
               +--------+--------+--------+--------+--------+-----+--------+

Top non-repeatable levels by time:
     D:3: 1191 daAuts
     D:2: 891 daAuts
     D:4: 825 daAuts
     D:1: 661 daAuts
     D:5: 194 daAuts
